 Dungeon Crawl Stone Soup version 0.27-a0-650-g8dd3ea4f36 (webtiles) character file.

Game seed: 6758064080891748074

163 dickylongcocking the Sneak (level 5, 0/46 HPs)
             Began as a Deep Dwarf Delver on Mar 16, 2021.
             Was a Follower of Makhleb.
             Slain by a leopard gecko (1 damage)
             ... on level 2 of the Dungeon.
             The game lasted 00:01:52 (1104 turns).

dickylongcocking the Sneak (Deep Dwarf Delver)      Turns: 1104, Time: 00:01:53

Health: 0/46       AC: 11    Str: 17    XL:     5   Next: 20%
Magic:  5/5        EV:  7    Int: 10    God:    Makhleb [*.....]
Gold:   117        SH:  0    Dex: 14    Spells: 4/4 levels left

rFire    . . .     SeeInvis .   i - +0 war axe
rCold    . . .     Faith    .   (no shield)
rNeg     . . .     Spirit   .   m - +0 chain mail
rPois    .         Reflect  .   h - +0 helmet
rElec    .         Harm     .   (no cloak)
rCorr    .         Rampage  .   o - +0 pair of gloves
Will     .....                  (no boots)
Stlth    ..........             (no amulet)
HPRegen  0.00/turn              (no ring)
MPRegen  0.09/turn              (no ring)

@: non-regenerating
A: damage resistance, heal wounds, sense surroundings 1, no regeneration
a: Heal Wounds, Renounce Religion


You were on level 2 of the Dungeon.
You worshipped Makhleb.
Makhleb was aware of your devotion.
You visited 2 branches of the dungeon, and saw 5 of its levels.

You collected 117 gold pieces.

Inventory:

Hand Weapons
 a - a +0 hand axe
 i - a +0 war axe (weapon)
Armour
 b - a +0 leather armour
 h - a +0 helmet (worn)
 k - a +0 ring mail
 m - a +0 chain mail (worn)
 o - a +0 pair of gloves (worn)
Wands
 g - a wand of digging (3)
Scrolls
 c - a scroll of fog
 d - a scroll of magic mapping
 e - 2 scrolls of fear
 j - 3 scrolls of teleportation {unknown}
 l - 5 scrolls of identify {unknown}
 p - a scroll of immolation {unknown}
Potions
 f - a potion of haste
 n - 2 potions of might


   Skills:
 - Level 2.6 Fighting
 * Level 4.5 Axes
 * Level 3.7 Armour
 - Level 2.1 Dodging
 - Level 6.0 Stealth


You had 4 spell levels left.
You didn't know any spells.
Your spell library was empty.

Dungeon Overview and Level Annotations

Branches:
Dungeon (5/15)             Temple (1/1) D:4

Altars:
Cheibriados
Elyvilon
Makhleb
Qazlal
Sif Muna
Yredelemnul
The Shining One


Innate Abilities, Weirdness & Mutations

You are resistant to damage.
You can heal yourself by infusing magical energy.
You passively map a small area around you.
You do not regenerate.


Message History

The bat is severely wounded.
The bat hits you but does no damage. The bat hits you but does no damage.
You hit the bat but do no damage.
The bat is severely wounded.
The bat hits you but does no damage. x2
You barely miss the bat.
The bat is severely wounded.
The bat hits you but does no damage. x2
You hit the bat.
You kill the bat!
Makhleb accepts your kill.
Found 15 poisoned darts.
You see here 15 poisoned darts.
You see here 15 poisoned darts.
You see here a +0 club.
There is a white marble altar of Elyvilon here.
j - 3 scrolls labelled ACUOFR TIDDO (gained 1)
A hobgoblin comes into view. It is wielding a +0 club.
Found a ring mail.
A hobgoblin is nearby!
A hobgoblin is nearby!
The hobgoblin hits you but does no damage.
You hit the hobgoblin but do no damage.
A rat comes into view.
The hobgoblin hits you but does no damage.
The rat moves out of view.
You closely miss the hobgoblin.
The hobgoblin hits you but does no damage.
The hobgoblin hits you with a +0 club.
You hit the hobgoblin.
You kill the hobgoblin!
Makhleb accepts your kill.
You see here a +0 club.
Found 14 sling bullets.
A leopard gecko comes into view.
The leopard gecko hisses angrily.
There are monsters nearby!
The leopard gecko bites you.
You die...

* #. ## #.## . #. #..#
*. #..* #..# #. #.. #..#
#. #..#######..# #.
#..........)# #.
##...l#.####.########. *
*##..(.@................
....r.....#....##.####..
###.......#.##.##.# #..
##......#....##.# #.#
#....######.##.# #.#
##.... ,[.##.# #.# * *
##.##, #.##.# ##.# * #.
*#.##.# #... ## #.# #.#.


You could see a leopard gecko and a rat.

Vanquished Creatures
  A scorpion (D:4)
  A jelly (D:5)
  A centaur skeleton (D:4)
  A hound skeleton (D:4)
  An adder (D:4)
  2 worms
  A dart slug (D:2)
  An orc (D:5)
  A giant cockroach (D:5)
  2 goblins
  5 hobgoblins
  A quokka (D:4)
  4 bats
  2 frilled lizards (D:3)
  5 kobolds
  3 rats
32 creatures vanquished.

Notes
Turn   | Place    | Note
-------+----------+-------------------------------------------
     0 | D:5      | dickylongcocking the Deep Dwarf Delver began the quest for
                  | the Orb.
     0 | D:5      | Reached XP level 1. HP: 20/20 MP: 1/1
   127 | D:5      | Noticed a jelly
   150 | D:5      | Killed a jelly
   151 | D:5      | Reached XP level 2. HP: 16/27 MP: 2/2
   151 | D:5      | Reached XP level 3. HP: 19/33 MP: 3/3
   277 | D:5      | Noticed a centaur
   337 | D:4      | Found a staircase to the Ecumenical Temple.
   346 | Temple   | Entered the Ecumenical Temple
   352 | Temple   | Became a worshipper of Makhleb the Destroyer
   386 | D:4      | Noticed a scorpion
   400 | D:4      | Killed a scorpion
   401 | D:4      | Reached XP level 4. HP: 5/40 MP: 4/4
   525 | D:3      | Reached XP level 5. HP: 6/46 MP: 5/5
   880 | D:2      | HP: 1/46 [worm (3)]
   948 | D:2      | Found a white marble altar of Elyvilon.
   948 | D:2      | Found a glowing golden altar of the Shining One.
   960 | D:2      | Reached * piety under Makhleb
  1104 | D:2      | Slain by a leopard gecko

Illustrated notes

Levels and vault maps discovered:
D:2:      layout_loops_ring, chequers_temple_overflow_statue_of_worship,
          nicolae_ru_path_of_blood
D:3:      layout_rooms
D:4:      layout_basic, lemuel_round_altar, minmay_temple_entry_waves,
          serial_curves, eino_curves_04, eino_curves_04, chequers_avenue,
          kennysheep_generic_room_14
D:5:      layout_cave_pods
Temple:   eino_temple_rhombus

Skill      XL: |  1  2  3 |
---------------+----------+-----
Axes           | 3 4 |  4.5
Armour         | 2 3 |  3.7
Fighting       | |  2.6
Dodging        | |  2.1
Stealth        | |  6.0

Action                   |  1- 3 |  4- 6 || total
-------------------------+-------+-------++-------
Melee: Hand axe          |     7 |       ||     7
       War axe           |    28 |    56 ||    84
  Use: Potion            |       |     2 ||     2
 Stab: Sleeping          |     2 |     1 ||     3
Armor: Leather armour    |     8 |       ||     8
       Ring mail         |    15 |       ||    15
       Chain mail        |       |    48 ||    48
Dodge: Dodged            |    23 |    15 ||    38

Table legend: (Time is in decaauts)
 A = Elapsed time spent in this place.
 B = Non-inter-level travel time spent in this place.
 C = Inter-level travel time spent in this place.
 D = Time resting spent in this place.
 E = Time spent auto-exploring this place.
 F = Levels seen in this place.
 G = Mean time per level.
                   A        B        C        D        E       F      G
               +--------+--------+--------+--------+--------+-----+--------+
         Total |   1129 |   1106 |     23 |    121 |    617 |   5 |  225.8 |
       Dungeon |   1116 |   1098 |     18 |    121 |    615 |   4 |  279.0 |
        Temple |     12 |      7 |      5 |      0 |      2 |   1 |   12.0 |
               +--------+--------+--------+--------+--------+-----+--------+

Top non-repeatable levels by time:
     D:3: 404 daAuts
     D:5: 282 daAuts
     D:2: 263 daAuts
     D:4: 167 daAuts
  Temple: 12 daAuts
